 Dungeon Crawl Stone Soup version 0.19.0-2-gae57169 (webtiles) character file.

15693 Leibowitz the Impaler (level 12, -5/99 HPs)
             Began as a Merfolk Gladiator on Nov 6, 2016.
             Was the Champion of Okawaru.
             Killed by the air
             ... invoked by a wind drake
              (7 damage)
             ... on level 1 of the Shoals.
             The game lasted 00:40:29 (15634 turns).

Leibowitz the Impaler (Merfolk Gladiator)          Turns: 15634, Time: 00:40:29

Health: -5/99      AC:  5    Str: 24    XL:     12   Next: 29%
Magic:  13/13      EV: 23    Int:  7    God:    Okawaru [******]
Gold:   532        SH:  0    Dex: 19    Spells: 0 memorised, 11 levels left

rFire  + + .     SeeInvis +     a - +3 trident "Lodeadgh" {pain, rF+ SInv}
rCold  x . .     Gourm    .     w - +1 robe {MR+}
rNeg   . . .     Faith    .     (no shield)
rPois  .         Spirit   .     c - +0 helmet
rElec  .         Reflect  .     (no cloak)
rCorr  .         Harm     .     r - +0 pair of gloves {Str+3}
MR     +....                    (no boots)
Stlth  ++++......               l - amulet of rage
                                Q - +5 ring of strength
                                J - ring of fire

@: no status effects
A: change form in water, swift swim, stealthy swim
a: Heroism, Finesse, Renounce Religion, Evoke Berserk Rage


You were on level 1 of the Shoals.
You worshipped Okawaru.
Okawaru was exalted by your worship.
You were very hungry.

You visited 3 branches of the dungeon, and saw 14 of its levels.
You also visited: Sewer.

You collected 784 gold pieces.
You spent 252 gold pieces at shops.

Inventory:

Hand Weapons
 a - the +3 trident "Lodeadgh" (weapon) {pain, rF+ SInv}
   (Okawaru gifted it to you on level 10 of the Dungeon)

   In the hands of one skilled in necromantic magic, it inflicts extra damage on
   living creatures.
   It protects you from fire.
   It lets you see invisible.
Missiles
 d - a throwing net (quivered)
 k - 9 curare-tipped needles
 x - 6 poisoned needles
 F - 7 needles of sleeping
Armour
 c - a +0 helmet (worn)
 r - a +0 pair of gloves of strength (worn)
 w - a +1 robe of magic resistance (worn)
Jewellery
 e - an uncursed ring of positive energy
 l - an amulet of rage (around neck)
 B - an uncursed ring of fire
 J - a ring of fire (left hand)
 Q - a +5 ring of strength (right hand)
Wands
 s - a wand of heal wounds (2/9)
 A - a wand of iceblast (7/15)
 M - a wand of flame (0/48)
 O - a wand of slowing (18/48)
Scrolls
 g - 13 scrolls of identify
 j - 5 scrolls of teleportation
 m - a scroll of enchant weapon
 o - a scroll of acquirement {unknown}
 p - 7 scrolls of remove curse
 q - 2 scrolls of fog
 y - 2 scrolls of blinking
Potions
 b - 5 potions of flight
 h - a potion of haste
 n - 4 potions of curing
 t - 3 potions of agility
 u - 3 potions of brilliance
 v - a potion of heal wounds
 z - 2 potions of cure mutation
 D - 2 potions of ambrosia
 N - a potion of resistance
 P - a potion of lignification
Books
 E - a book of Unlife

   Spells                             Type                      Level
   a - Recall                         Summoning/Translocation      3
   b - Animate Dead                   Necromancy                   4
   c - Control Undead                 Necromancy                   4
   d - Cigotuvi's Embrace             Necromancy                   5
   e - Death Channel                  Necromancy                   6
   f - Simulacrum                     Ice/Necromancy               6
Comestibles
 f - 12 bread rations
 i - 6 meat rations
 C - 11 fruits
 H - 11 royal jellies


   Skills:
 + Level 10.7 Fighting
 + Level 16.3 Polearms
 + Level 2.4 Throwing
 + Level 1.3 Armour
 + Level 12.4 Dodging
 + Level 8.9 Stealth
 + Level 2.4 Evocations


You had 11 spell levels left.
You didn't know any spells.

Dungeon Overview and Level Annotations

Branches:
Dungeon (11/15)            Temple (0/1) D:6            Lair (2/6) D:11
 Shoals (1/4) Lair:2          Orc (0/2) D:11
  Snake: Lair:2-4    Spider: Lair:2-4

Altars:
Ashenzari
Elyvilon
Fedhas
Kikubaaqudgha
Makhleb
Okawaru
Ru
Sif Muna
Trog
Uskayaw
Xom
Zin
The Shining One

Shops:
D:6 [


Message History

You hit the wind drake.
The wind drake is almost dead.
The wind drake exhales a fierce blast of wind!
You barely miss the wind drake.
The wind drake is almost dead.
The wind drake flaps its wings at you. The air twists around and strikes you!
* * * LOW HITPOINT WARNING * * *
You hit the wind drake.
The wind drake is almost dead.
You hit the wind drake.
The wind drake is almost dead.
The wind drake flaps its wings at you. The air twists around and strikes you!
* * * LOW HITPOINT WARNING * * *
You hit the wind drake.
The wind drake is almost dead.
The wind drake flaps its wings at you. The air twists around and strikes you!
You die...

≈≈≈≈≈≈≈≈≈≈≈≈≈≈≈≈≈
≈≈≈≈≈≈≈≈≈≈≈≈≈≈≈≈.
≈≈≈≈≈≈≈≈≈≈≈≈≈≈≈≈. ≈≈≈.
≈≈≈≈≈≈≈≈≈≈≈≈≈... ≈...
≈≈≈≈≈≈≈≈≈≈≈≈≈.## .≈≈..
≈≈≈≈≈≈≈≈≈≈≈≈≈≈.## .>≈#
≈≈≈≈≈...≈≈≈≈≈≈≈.# ...##
≈≈≈.....≈≈≈≈≈≈≈≈###....#
≈≈≈...#...≈≈.≈≈≈@....#...
≈≈..<###.....≈≈≈k)....>..
≈≈...# #......≈≈...###...
###### ##########..# .
#......≈. #≈≈≈.≈≈≈≈
#≈≈≈≈≈≈≈≈ #≈≈≈≈≈≈≈≈
##≈≈≈≈≈≈≈


You could see a wind drake.

Vanquished Creatures
  2 hydras
  The ghost of feamirim the Martial Artist, a novice DsFi of Okawaru (D:10)
  3 hill giants (D:10)
  Pikel (D:9)
  3 spiny frogs (Lair:1)
  4 komodo dragons
  A merfolk (Shoals:1)
  2 trolls
  A two-headed ogre (D:9)
  A wind drake (Shoals:1)
  Prince Ribbit (D:9)
  7 hippogriffs
  10 yaks
  Sigmund (D:4)
  A vampire (D:10)
  5 humans (D:9)
  2 vampire mosquitoes (D:10)
  2 wargs
  2 hell hounds (D:11)
  2 porcupines
  2 water moccasins (Lair:1)
  3 orc warriors
  A black bear (D:7)
  A sky beast (D:8)
  A hornet zombie (D:8)
  An ice beast (D:6)
  5 ogres
  A phantom (D:8)
  5 centaurs
  A crocodile (Lair:1)
  A big kobold (D:7)
  5 bullfrogs
  A wyvern zombie (D:11)
  2 wyvern skeletons
  A scorpion (D:9)
  5 wights (D:10)
  A howler monkey (D:11)
  4 crimson imps
  3 orc priests (D:11)
  6 jellies
  2 quasits (D:10)
  A gnoll shaman (D:8)
  2 hounds
  4 iguanas
  11 orc wizards
  6 worker ants
  A hound zombie (D:11)
  A hound skeleton (D:10)
  A worker ant zombie (D:5)
  A howler monkey zombie (D:8)
  7 gnolls (D:8)
  16 adders
  A river rat (D:6)
  A shadow imp (D:10)
  12 oozes
  An adder skeleton (D:7)
  2 adder zombies
  6 worms
  4 dart slugs
  4 leopard geckos
  40 orcs
  8 giant cockroaches
  5 goblins
  11 hobgoblins
  10 jackals
  14 kobolds
  2 quokkas
  5 ball pythons
  17 bats
  2 frilled lizards
  7 rats
307 creatures vanquished.

Vanquished Creatures (others)
  A slave (D:9)
  A sky beast (D:8)
  A bullfrog (D:8)
  A scorpion (D:9)
  A howler monkey (D:8)
  A jelly (D:8)
  A quasit (D:9)
  A hound (D:8)
  An adder skeleton (D:8)
  A leopard gecko (D:9)
  4 jackals (D:8)
  2 quokkas
16 creatures vanquished.

Grand Total: 323 creatures vanquished

Notes
Turn   | Place    | Note
-------+----------+-------------------------------------------
     0 | D:1      | Leibowitz the Merfolk Gladiator began the quest for the Orb.
     0 | D:1      | Reached XP level 1. HP: 16/16 MP: 1/1
    67 | D:1      | Reached XP level 2. HP: 22/22 MP: 2/2
   486 | D:1      | Reached skill level 5 in Polearms
   574 | D:1      | Reached XP level 3. HP: 27/27 MP: 3/3
   730 | D:1      | Found an iron altar of Okawaru.
   744 | D:1      | Became a worshipper of Warmaster Okawaru
   858 | D:2      | Reached skill level 5 in Dodging
  1102 | D:2      | Reached XP level 4. HP: 29/33 MP: 4/4
  1287 | D:2      | Found a faded altar of an unknown god.
  1287 | D:2      | Found a faded altar of an unknown god.
  1292 | D:2      | Found a faded altar of an unknown god.
  1296 | D:2      | Found a faded altar of an unknown god.
  1297 | D:2      | Found a bloodstained altar of Trog.
  1675 | D:2      | Found a burning altar of Makhleb.
  1779 | D:3      | Found a white marble altar of Elyvilon.
  1795 | D:3      | Reached skill level 1 in Armour
  2295 | D:3      | Reached skill level 6 in Polearms
  2295 | D:3      | Reached XP level 5. HP: 34/39 MP: 5/5
  3300 | D:5      | Entered Level 5 of the Dungeon
  3304 | D:5      | Found a glowing silver altar of Zin.
  3330 | D:5      | Reached skill level 7 in Polearms
  3330 | D:5      | Reached XP level 6. HP: 30/46 MP: 6/6
  3337 | D:5      | Noticed Sigmund
  3359 | D:4      | Reached skill level 1 in Stealth
  4155 | D:4      | Killed Sigmund
  4155 | D:4      | Reached * piety under Okawaru
  4155 | D:4      | Reached skill level 8 in Polearms
  4155 | D:4      | Reached XP level 7. HP: 45/52 MP: 7/7
  4332 | D:5      | Found a shattered altar of Ashenzari.
  4793 | D:5      | Found an ancient bone altar of Kikubaaqudgha.
  4945 | D:6      | Found a staircase to the Ecumenical Temple.
  4961 | D:6      | Found a sacrificial altar of Ru.
  5164 | D:6      | Found a deep blue altar of Sif Muna.
  5242 | D:6      | Found a glowing drain.
  5262 | Sewer    | Entered a sewer
  5956 | D:6      | Reached skill level 9 in Polearms
  5956 | D:6      | Reached XP level 8. HP: 36/61 MP: 8/8
  6034 | D:6      | Found Caibrash's Antique Armour Shoppe.
  6041 | D:6      | Bought a pair of embroidered gloves for 252 gold pieces
  6196 | D:7      | Found a glowing golden altar of the Shining One.
  6233 | D:7      | Noticed a hippogriff
  6245 | D:7      | Killed a hippogriff
  6388 | D:7      | Reached ** piety under Okawaru
  6388 | D:7      | Reached skill level 5 in Fighting
  6410 | D:7      | Reached skill level 10 in Polearms
  6518 | D:7      | Found a hide-covered altar of Uskayaw.
  6842 | D:7      | Found a blossoming altar of Fedhas.
  7023 | D:7      | Reached skill level 11 in Polearms
  7023 | D:7      | Reached XP level 9. HP: 69/69 MP: 9/9
  7484 | D:8      | Noticed a six-headed hydra
  7508 | D:8      | Killed a six-headed hydra
  7508 | D:8      | Reached *** piety under Okawaru
  7508 | D:8      | Reached skill level 12 in Polearms
  7524 | D:8      | Reached **** piety under Okawaru
  7524 | D:8      | Received a gift from Okawaru
  7989 | D:8      | Reached skill level 5 in Stealth
  8163 | D:8      | Found a shimmering altar of Xom.
  8321 | D:8      | Reached skill level 13 in Polearms
  8458 | D:8      | Reached XP level 10. HP: 76/77 MP: 10/10
  8739 | D:9      | Noticed Pikel
  8762 | D:9      | Killed Pikel
  9235 | D:9      | Noticed Prince Ribbit
  9273 | D:9      | Killed Prince Ribbit
  9366 | D:9      | Reached ***** piety under Okawaru
  9366 | D:9      | Reached skill level 14 in Polearms
  9366 | D:9      | Reached skill level 10 in Dodging
  9377 | D:9      | Received a gift from Okawaru
  9838 | D:9      | Received a gift from Okawaru
 10354 | D:10     | Entered Level 10 of the Dungeon
 10557 | D:10     | Noticed a hill giant
 10584 | D:10     | Killed a hill giant
 10584 | D:10     | Reached XP level 11. HP: 39/87 MP: 11/11
 10990 | D:10     | Received a gift from Okawaru
 10993 | D:10     | Got a transparent trident {god gift}
 10994 | D:10     | Identified the +3 trident "Lodeadgh" {pain, rF+ SInv} (Okawaru gifted it to you on level 10 of the Dungeon)
 11334 | D:10     | Reached skill level 15 in Polearms
 11398 | D:10     | HP: 2/89 [yak (11)]
 11568 | D:10     | Noticed a hill giant
 11697 | D:10     | Killed a hill giant
 11899 | D:10     | Noticed feamirim's ghost (novice DsFi)
 11923 | D:10     | Killed feamirim's ghost
 11923 | D:10     | Reached skill level 1 in Evocations
 12238 | D:11     | Found a staircase to the Lair.
 12492 | D:10     | Noticed a hill giant
 12504 | D:10     | Killed a hill giant
 12723 | D:11     | Found a staircase to the Orcish Mines.
 13565 | Lair:1   | Entered Level 1 of the Lair of Beasts
 13777 | Lair:1   | Noticed a five-headed hydra
 13801 | Lair:1   | Killed a five-headed hydra
 13801 | Lair:1   | Reached skill level 10 in Fighting
 14299 | Lair:1   | Reached XP level 12. HP: 73/97 MP: 13/13
 14400 | Lair:1   | Reached ****** piety under Okawaru
 14561 | Lair:1   | Reached skill level 16 in Polearms
 15570 | Lair:2   | Found a staircase to the Shoals.
 15577 | Shoals:1 | Entered Level 1 of the Shoals
 15633 | Shoals:1 | HP: 2/99 [wind drake/the air (9)]
 15634 | Shoals:1 | Killed from afar by a wind drake

Skill      XL: |  1  2  3  4  5  6  7  8  9 10 11 12 |
---------------+-------------------------------------+-----
Polearms       | 5 6 7 8 9 11 13 14 15 16 | 16.3
Dodging        | 5 6 7 8 9 10 11 12 | 12.4
Armour         | 1 |  1.3
Stealth        | 1 2 3 5 7 8 |  8.9
Fighting       | 3 4 5 6 8 10 | 10.7
Evocations     | 2 |  2.4
Throwing       | |  2.4

Action                   |  1- 3 |  4- 6 |  7- 9 | 10-12 || total
-------------------------+-------+-------+-------+-------++-------
Melee: Trident           |   112 |   235 |   455 |   808 ||  1610
       Tailslap          |       |     3 |     9 |     5 ||    17
Throw: Throwing net      |       |     4 |       |     2 ||     6
 Abil: Evoke Berserk Rag |       |       |       |     2 ||     2
Evoke: Wand              |       |       |       |    12 ||    12
  Use: Potion            |       |     6 |     5 |     5 ||    16
       Scroll            |       |       |       |    14 ||    14
 Stab: Sleeping          |       |     2 |    10 |    15 ||    27
       Held in net/web   |       |     1 |     1 |     2 ||     4
       Invisible         |       |       |     5 |       ||     5
       Distracted        |       |       |     1 |     2 ||     3
  Eat: Chunk             |     1 |     8 |    14 |    20 ||    43
       Beef jerky        |       |       |     1 |     2 ||     3
       Fruit             |       |       |       |     1 ||     1
Armor: Leather armour    |    29 |    15 |       |       ||    44
       Robe              |       |    14 |    67 |    25 ||   106
Dodge: Dodged            |   117 |   178 |   376 |   419 ||  1090
